 Dungeon Crawl Stone Soup version 0.32-a0-589-g2d1f746d5d (webtiles) character file.

Game seed: 4416502007017463323

348686 seren the Fetichist (level 22, -5/179 HPs)
             Began as a Coglin Gladiator on Mar 1, 2024.
             Was an Initiate of Gozag.
             Killed from afar by Frederick (88 damage)
             ... with an iron shot
             ... on level 4 of the Vaults on Mar 2, 2024.
             The game lasted 02:52:03 (46444 turns).

seren the Fetichist (Coglin Gladiator)             Turns: 46444, Time: 02:52:04

Health: -5/179     AC: 33    Str: 23    XL:     22   Next: 17%
Magic:  37/37      EV: 18    Int: 10    God:    Gozag
Gold:   6800       SH:  0    Dex: 17    Spells: 22/29 levels left

rFire   . . .        a - +4 demon blade of Exquisite Death {drain, rElec rPois Int+3}
rCold   + + .        C - +8 autumn katana {manifold assault}
rNeg    + . .        m - +5 shadow dragon scales of Unniram {+Inv rC+ rN+ MP+9 Stlth++++}
rPois   +            n - +2 helmet {SInv}
rElec   +            Z - scarf "Vainler" {shadows, Regen+ Str+2 Int-4}
rCorr   .            i - +2 pair of gloves
SInv    +            G - +0 pair of boots
Will    ++...        (amulet unavailable)
Stlth   ++           (ring unavailable)
HPRegen 1.29/turn    (ring unavailable)
MPRegen 0.25/turn    j - gyrowhirligig N-30 {rC+ Will+ Clar RMsl}

%: repel missiles, clarity
@: gold aura, glowing, studying 3 skills, revving
A: off-hand wielding, slow wielding, warmup strikes, no jewellery
}: 2/15 runes: barnacled, gossamer
a: Renounce Religion, Evoke Invisibility, Potion Petition, Call Merchant, Bribe
Branch


You were on level 4 of the Vaults.
You worshipped Gozag.
Gozag was greatly pleased with you.
You visited 8 branches of the dungeon, and saw 37 of its levels.
You visited 1 bazaar.
You also visited: Trove and Bailey.

You collected 17178 gold pieces.
You spent 7726 gold pieces at shops.
You paid 2652 gold pieces to Gozag.

Inventory:

Hand Weapons
 a - the +4 demon blade of Exquisite Death (weapon) {drain, rElec rPois Int+3}
   (You took it off an orc warrior on level 7 of the Dungeon)

   Int+3:     It affects your intelligence (+3).
   rElec:     It insulates you from electricity.
   rPois:     It protects you from poison.
 o - a +8 double sword of holy wrath {Mei}
 r - the +4 rapier of the Trees {vamp, rPois rF+}
   (You found it on level 4 of the Shoals)

   rF+:       It protects you from fire.
   rPois:     It protects you from poison.
 C - the +8 autumn katana (offhand) {manifold assault}
   (You bought it in a shop on level 1 of the Lair of Beasts)
 H - a +1 antimagic short sword {Wilfried}
Missiles
 d - 2 throwing nets (quivered) {!f}
 g - 9 silver javelins
 k - 13 javelins
 K - 34 boomerangs
Armour
 i - a +2 pair of gloves (worn)
 m - the +5 shadow dragon scales of Unniram (worn) {+Inv rC+ rN+ MP+9 Stlth++++}
   (You bought it in a shop on level 12 of the Dungeon)

   rC+:       It protects you from cold.
   rN+:       It protects you from negative energy.
   MP+9:      It affects your magic capacity (+9).
   +Inv:      It lets you turn invisible.
   Stlth++++: It makes you much more stealthy.
 n - a +2 helmet of see invisible (worn)
 G - a +0 pair of boots (worn)
 Z - the scarf "Vainler" (worn) {shadows, Regen+ Str+2 Int-4}
   (You acquired it on level 12 of the Dungeon)

   Str+2:     It affects your strength (+2).
   Int-4:     It affects your intelligence (-4).
   Regen+:    It increases your rate of health regeneration.
Gizmo
 j - a gyrowhirligig N-30 (installed) {rC+ Will+ Clar RMsl}
   (You invented it yourself on level 1 of the Orcish Mines)

   [gyrowhirligig N-30]

   rC+:       It protects you from cold.
   Will+:     It increases your willpower.
   Clar:      It protects you from confusion, rage, mesmerisation and fear.
   RMsl:      It protects you from missiles.
Wands
 b - a wand of polymorph (2)
 y - a wand of light (13)
 B - a wand of paralysis (11)
 D - a wand of mindburst (19)
 I - a wand of roots (31)
Scrolls
 f - 18 scrolls of teleportation {!r}
 h - 3 scrolls of immolation
 l - 3 scrolls of fog
 p - 5 scrolls of poison
 u - 2 scrolls of summoning
 x - 2 scrolls of enchant armour
 z - 5 scrolls of blinking {!r}
 E - 3 scrolls of torment
 S - 3 scrolls of fear
 X - 4 scrolls of revelation
Potions
 c - 4 potions of resistance
 e - 3 potions of enlightenment
 q - 8 potions of lignification
 s - 7 potions of heal wounds
 v - 3 potions of invisibility
 w - 7 potions of mutation {!q}
 A - 5 potions of attraction
 F - 10 potions of curing
 M - 8 potions of haste
 O - 3 potions of cancellation
 Q - 7 potions of brilliance
 R - a potion of might
 U - 13 potions of ambrosia
 W - 3 potions of magic
 Y - 4 potions of berserk rage
Miscellaneous
 t - a tin of tremorstones (2/2)
 J - a phantom mirror (inert)
 L - a phial of floods (inert)
 N - a sack of spiders (inert)
 T - a lightning rod (4/4)


   Skills:
 + Level 16.5 Fighting
 + Level 16.9 Long Blades
 + Level 10.7 Throwing
 + Level 16.1 Armour
 + Level 18.5 Dodging
 + Level 4.8 Stealth
 - Level 4.0 Spellcasting
 - Level 12.0 Translocations
 + Level 19.3 Evocations


You had 22 spell levels left.
You knew the following spells:

 Your Spells              Type           Power      Damage    Failure   Level
a - Blink                 Tloc           52%        N/A       1%          2
b - Lesser Beckoning      Tloc           52%        N/A       1%          2
c - Teleport Other        Tloc           26%        N/A       2%          3

Your spell library contained the following spells:

 Spells                   Type           Power      Damage    Failure   Level
 Gell's Gravitas          Tloc           26%        N/A       2%          3
 Momentum Strike          Conj/Tloc      28%        3d8       14%         2
 Dimensional Bullseye     Hex/Tloc       7%         N/A       65%         4
 Iskenderun's Mystic Bla  Conj/Tloc      14%        2d5       65%         4
 Vhi's Electric Charge    Tloc/Air       28%        N/A       65%         4
 Kiss of Death            Conj/Necr      8%         2d6       71%         1
 Magic Dart               Conj           8%         1d3       71%         1
 Necrotise                Necr           8%         1d4       71%         1
 Slow                     Hex            8%         N/A       71%         1
 Summon Small Mammal      Summ           8%         N/A       71%         1
 Dispersal                Tloc           13%        N/A       75%         6
 Call Imp                 Summ           4%         N/A       85%         2
 Cigotuvi's Dreadful Rot  Necr/Alch/Air  4%         N/A       85%         2
 Jinxbite                 Hex            4%         N/A       85%         2
 Sublimation of Blood     Necr           2%         N/A       85%         2
 Summon Forest            Summ/Tloc      7%         N/A       94%         5
 Call Canine Familiar     Summ           2%         N/A       97%         3
 Confusing Touch          Hex            2%         N/A       97%         3
 Frozen Ramparts          Ice            4%         1d1       97%         3
 Hailstorm                Conj/Ice       2%         3d5       97%         3
 Inner Flame              Hex/Fire       2%         N/A       97%         3
 Mephitic Cloud           Conj/Alch/Air  2%         N/A       97%         3
 Sigil of Binding         Hex            2%         N/A       97%         3
 Stone Arrow              Conj/Erth      4%         3d7       97%         3
 Summon Ice Beast         Ice/Summ       2%         N/A       97%         3
 Swiftness                Air            2%         N/A       97%         3
 Tukima's Dance           Hex            2%         N/A       97%         3
 Vampiric Draining        Necr           2%         2d6       97%         3
 Anguish                  Hex/Necr       1%         N/A       100%        4
 Brom's Barrelling Bould  Conj/Erth      2%         2d3       100%        4
 Dispel Undead            Necr           2%         3d7       100%        4
 Flame Wave               Conj/Fire      2%         2d4       100%        4
 Ignite Poison            Fire/Alch      2%         N/A       100%        4
 Leda's Liquefaction      Alch/Erth      1%         N/A       100%        4
 Martyr's Knell           Necr/Summ      2%         N/A       100%        4
 Petrify                  Alch/Erth      2%         N/A       100%        4
 Sticky Flame             Fire/Alch      2%         2d4       100%        4
 Summon Blazeheart Golem  Fire/Summ      2%         N/A       100%        4
 Arcjolt                  Conj/Air       1%         1d11      100%        5
 Curse of Agony           Necr           2%         N/A       100%        5
 Fireball                 Conj/Fire      1%         3d3       100%        5
 Freezing Cloud           Conj/Ice/Air   1%         6-21      100%        5
 Irradiate                Conj/Alch      1%         3d12      100%        5
 Iskenderun's Battlesphe  Conj           2%         2d6       100%        5
 Lee's Rapid Deconstruct  Erth           1%         3d4*      100%        5
 Metabolic Englaciation   Hex/Ice        1%         N/A       100%        5
 Silence                  Hex/Air        1%         N/A       100%        5
 Bombard                  Conj/Erth      1%         9d1       100%        6
 Conjure Ball Lightning   Conj/Air       1%         3x3d6     100%        6
 Death Channel            Necr           1%         N/A       100%        6
 Eringya's Noxious Bog    Alch           1%         4d6       100%        6
 Plasma Beam              Fire/Air       1%         2x1d11    100%        6
 Sculpt Simulacrum        Ice/Alch       1%         N/A       100%        6
 Orb of Destruction       Conj           1%         9d5       100%        7
 Ozocubu's Refrigeration  Ice            1%         4d7       100%        7
 Spellforged Servitor     Conj/Summ      1%         N/A       100%        7
 Summon Hydra             Summ           1%         N/A       100%        7
 Polar Vortex             Ice            1%         N/A       100%        9


Dungeon Overview and Level Annotations

Branches:
Dungeon (15/15)            Temple (1/1) D:7            Lair (5/5) D:8
 Shoals (4/4) Lair:2       Spider (4/4) Lair:3        Slime (0/5) Lair:5
    Orc (2/2) D:12            Elf (0/3) Orc:2        Vaults (4/5) D:13
  Crypt (0/3) Vaults:2     Depths (2/4) D:15         Bailey (visited)

Altars:
Ashenzari
Cheibriados
Dithmenos
Elyvilon
Fedhas
Gozag
Hepliaklqana
Kikubaaqudgha
Makhleb
Nemelex Xobeh
Okawaru
Qazlal
Ru
Sif Muna
Trog
Uskayaw
Vehumet
Wu Jian
Xom
Yredelemnul
Zin
The Shining One
Beogh
Jiyva

Shops:
D:12 ?[   Orc:2 =![(   Lair:1 [(   Shoals:4 =   Vaults:2 (

Portals:
Hell: Depths:1 Depths:2
Ziggurat: Depths:2

Annotations:
Temple 2 transporters
Vaults:4 Frederick
Depths:1 exclusion: hell knight
Depths:2 Vv


Innate Abilities, Weirdness & Mutations

You can wield a second weapon in your off-hand.
It takes a long time for you to wield or remove held weapons.
Your first few attacks do less damage.
You cannot equip rings or amulets.


Message History

Aim: Frederick, wielding a +4 broad axe, wearing a +0 chain mail and wearing the orb of Death's Door {light, -Cast Harm rF+ Str+3} (strong, haloed, chance to affect: 2%)
Okay, then.
Aiming: Polymorph
Press: ? - help, Shift-Dir - straight line, f - Frederick
Aim: Frederick, wielding a +4 broad axe, wearing a +0 chain mail and wearing the orb of Death's Door {light, -Cast Harm rF+ Str+3} (strong, haloed, will become a rockslime, a very ugly thing, or a caustic shrike, chance to affect: 2%)
Okay, then.
Aiming: Mindburst
Press: ? - help, Shift-Dir - straight line, f - Frederick
Aim: Frederick, wielding a +4 broad axe, wearing a +0 chain mail and wearing the orb of Death's Door {light, -Cast Harm rF+ Str+3} (strong, haloed, chance to affect: 16%)
Okay, then.
Aiming: Bolt of Light
Press: ? - help, Shift-Dir - straight line, f - Frederick
Aim: Frederick, wielding a +4 broad axe, wearing a +0 chain mail and wearing the orb of Death's Door {light, -Cast Harm rF+ Str+3} (strong, haloed, 66% to hit)
The bolt of light hits Frederick!!
Frederick is moderately wounded.
Frederick is blinded.
Frederick hits you with a +4 broad axe!!!
* * * LOW HITPOINT WARNING * * *
Things that are here:
8 gold pieces; a +0 dire flail; a +1 ring mail of cold resistance You slice Frederick with the +8 autumn katana!!
Frederick is heavily wounded.
You slice Frederick with the +4 demon blade of Exquisite Death!!
You drain Frederick!
You slash Frederick with the +4 demon blade of Exquisite Death!
You drain Frederick.
Frederick is severely wounded.
You slice Frederick with the +8 autumn katana!!
Frederick hits you with a +4 broad axe!!
* * * LOW HITPOINT WARNING * * *
You slice Frederick with the +8 autumn katana!!
Frederick is almost dead.
You strike the helpless Frederick from behind!
You hit Frederick with the +4 demon blade of Exquisite Death.
You drain Frederick.
Frederick points at you and mumbles some strange words.
The iron shot hits you!!!
You die...
Frederick sighs, "Another waste of time."
Your body crumbles into a pile of gold.

#........#
#........#
+........#
#........#
#.......?#
#........#
#........#
#..!.@...#
#....@...#
########'####
..........#
..........#
......<...#
..........#
..........#
..........#
..........#


You could see Frederick (strong, blind, unable to see you, drained).

Vanquished Creatures
  Boris (twice) (Vaults:1 Vaults:2)
  Arachne (Spider:4)
  Jorgrun (D:15)
  A lich (Depths:1)
  Asterion (Vaults:3)
  4 sphinxes
  Polyphemus (Shoals:2)
  Aizul (Spider:2)
  3 tengu reavers
  6 frost giants
  2 fire giants (Depths:1)
  10 vault wardens
  A balrug (Depths:1)
  2 ghost moths
  5 emperor scorpions
  8 broodmothers
  3 formless jellyfish
  An orc warlord (Vaults:1)
  13 ironbound preservers
  8 stone giants
  2 ironbound thunderhulks
  14 very ugly things
  A vampire knight (Depths:1)
  A deep elf demonologist (Depths:2)
  2 dire elephants
  8 spark wasps
  6 ettins
  13 merfolk impalers
  2 fire dragons (Depths:1)
  3 entropy weavers
  4 merfolk javelineers
  8 yaktaur captains
  A crystal guardian (Vaults:2)
  2 rakshasas
  8 vault guards
  2 great orbs of eyes (Vaults:2)
  2 peacekeepers
  4 spriggan air magi
  8 ice dragons
  9 hydras
  8 ironbound frosthearts
  5 catoblepae
  A merfolk avatar (Shoals:2)
  7 ogre magi
  An alligator snapping turtle (Shoals:4)
  5 radroaches
  6 centaur warriors
  A merfolk aquamancer (Shoals:3)
  A death scarab (Spider:4)
  The ghost of Nebesus the Mimic, a novice DrSh (D:8)
  A satyr (Shoals:2)
  23 two-headed ogres
  7 boulder beetles
  6 deep troll shamans
  2 deep troll earth magi (Depths:2)
  4 tengu warriors
  3 vampire magi (Depths:2)
  4 demonic crawlers
  4 spriggan berserkers
  4 occultists
  8 death yaks
  2 sun demons (Depths:1)
  2 hell knights (Depths:1)
  An orc high priest (Orc:2)
  Amaemon (D:8)
  6 soul eaters
  6 iron trolls
  A shadow wraith (Vaults:1)
  4 skysharks
  A sixfirhy (D:14)
  3 skeletal warriors (D:14)
  5 glowing orange brains
  7 pharaoh ants
  30 deep trolls
  2 sun moths
  8 sea snakes
  A flayed ghost (Depths:1)
  5 bog bodies (Shoals:1)
  9 orb spiders
  A kraken simulacrum (Shoals:4)
  8 arcanists
  A phantasmal warrior (Vaults:3)
  10 lindwurms
  4 steelbarb worms
  10 ironbound convokers
  A lindwurm (shapeshifter) (Vaults:3)
  27 harpies
  3 necromancers
  An orc knight (Orc:2)
  6 deep elf pyromancers
  22 wolf spiders
  17 manticores
  19 fauns
  A salamander (Depths:1)
  Maurice (D:7)
  20 ugly things
  7 cyclopes
  8 meliai
  5 moths of wrath
  14 elephants
  A molten gargoyle (Depths:1)
  2 smoke demons
  7 vault sentinels
  8 water nymphs
  7 torpor snails
  11 merfolk sirens
  2 gargoyles
  26 yaktaurs
  An unseen horror (D:11)
  2 orange demons
  16 cane toads
  3 rime drakes
  7 komodo dragons
  2 tengu conjurers
  2 ice devils (Lair:4)
  A queen bee (Lair:2)
  3 polar bears
  6 trolls
  27 merfolk
  4 glass eyes
  A polar bear (shapeshifter) (D:14)
  2 hornets (Depths:1)
  7 wind drakes
  31 tarantellas
  13 dream sheep
  19 blink frogs
  34 slime creatures
  4 shadows
  2 spriggans (Depths:1)
  19 culicivoras
  27 jumping spiders
  10 snapping turtles
  5 humans (D:13)
  5 wyverns
  5 wraiths
  33 yaks
  A yak (shapeshifter) (D:14)
  2 vampires
  12 water elementals
  6 basilisks
  4 vampire mosquitoes (D:12)
  48 redbacks
  3 wargs
  A chaos spawn (D:14)
  3 acid dragons
  12 water moccasins
  5 black bears
  A sky beast (D:7)
  15 orc warriors
  4 ice beasts
  2 laughing skulls (D:13)
  A meliai simulacrum (D:14)
  37 ogres
  25 wolves
  A centaur (D:6)
  4 kobold brigands
  11 bullfrogs
  2 gnoll sergeants
  3 scorpions
  3 wights (D:8)
  39 killer bees
  7 wolf zombies (Bailey)
  7 vampire bats (Bailey)
  6 electric eels
  5 howler monkeys
  2 bombardier beetles
  4 hounds
  7 jellies
  17 orc priests
  3 gnoll boudas
  5 iguanas
  A sleepcap (D:4)
  19 orc wizards
  27 gnolls
  13 adders
  21 orc zombies (Bailey)
  A shadow imp (D:6)
  6 white imps
  2 dart slugs
  2 ribbon worms (D:2)
  76 orcs
  10 endoplasms
  A giant cockroach (D:1)
  11 goblins
  5 hobgoblins
  26 kobolds
  5 ball pythons
  8 bats
  A rat (D:1)
  A tentacle (Shoals:4)
1455 creatures vanquished.

Vanquished Creatures (collateral kills)
  Sojobo (Vaults:3)
  Bai Suzhen (Vaults:2)
  Boris (Vaults:3)
  Saint Roka (Orc:2)
  Rupert (Orc:1)
  A tengu reaver (Vaults:3)
  Snorg (D:14)
  An ogre mage (Orc:2)
  A hydra (Lair:4)
  A radroach (Spider:4)
  2 two-headed ogres (Orc:2)
  A kobold blastminer (Orc:2)
  A cane toad (Lair:2)
  A komodo dragon (Lair:2)
  A yaktaur (Vaults:1)
  3 jumping spiders (Spider:4)
  A slime creature (Vaults:1)
  4 yaks (Lair:5)
  A culicivora (Spider:4)
  A neqoxec (D:14)
  A basilisk (Lair:5)
  A chaos spawn (D:14)
  4 orc warriors (Orc:2)
  4 ogres
  2 orcs (Orc:2)
38 creatures vanquished.

Vanquished Creatures (others)
  An occultist (Depths:2)
  A harpy (Shoals:4)
  A redback (Spider:4)
  2 humans
  An orc priest (Orc:2)
  7 tentacles (Shoals:4)
13 creatures vanquished.

Grand Total: 1506 creatures vanquished

Notes
Turn   | Place    | Note
-------+----------+-------------------------------------------
     0 | D:1      | seren the Coglin Gladiator began the quest for the Orb.
     0 | D:1      | Reached XP level 1. HP: 16/16 MP: 1/1
   283 | D:1      | Reached XP level 2. HP: 22/22 MP: 2/2
  1105 | D:2      | Reached XP level 3. HP: 25/27 MP: 3/3
  1332 | D:2      | Reached XP level 4. HP: 32/34 MP: 4/4
  1409 | D:2      | Found The Oracle's Delphic Readings.
  1827 | D:3      | Reached XP level 5. HP: 36/39 MP: 5/5
  1943 | D:3      | Reached skill level 1 in Armour
  2007 | D:3      | Found an opulent altar of Gozag.
  2010 | D:3      | Found a sacrificial altar of Ru.
  2834 | D:3      | Became a worshipper of Gozag Ym Sagoz the Greedy
  2990 | D:4      | Reached XP level 6. HP: 46/46 MP: 6/6
  3098 | D:4      | Found a white marble altar of Elyvilon.
  3461 | D:4      | Found a glowing golden altar of the Shining One.
  3479 | D:4      | Got the Atlas of Freezing
  3778 | D:5      | Entered Level 5 of the Dungeon
  3856 | D:5      | Reached skill level 5 in Long Blades
  3889 | D:5      | Noticed an ice beast
  3907 | D:5      | Killed an ice beast
  3908 | D:5      | Reached XP level 7. HP: 52/52 MP: 7/7
  4073 | D:5      | Reached skill level 1 in Evocations
  4113 | D:5      | Identified the +1 quarterstaff of Cataclysm {protect, MP+9
                  | Int+3 Dex+3}
  4117 | D:5      | Identified the +0 kite shield of the Kodama {+Inv Str+4}
  4394 | D:4      | Reached skill level 2 in Evocations
  4879 | D:5      | Reached skill level 3 in Evocations
  4879 | D:5      | Reached XP level 8. HP: 12/60 MP: 8/8
  5313 | D:6      | Reached skill level 4 in Evocations
  5394 | D:6      | Found a sparkling altar of Nemelex Xobeh.
  5749 | D:6      | Reached skill level 5 in Evocations
  6163 | D:7      | Reached XP level 9. HP: 57/66 MP: 9/9
  6196 | D:7      | Reached skill level 6 in Evocations
  6500 | D:7      | Reached skill level 5 in Fighting
  6500 | D:7      | Reached skill level 5 in Dodging
  6695 | D:7      | Noticed Maurice
  6706 | D:7      | Killed Maurice
  6839 | D:7      | Noticed a manticore
  6847 | D:7      | Killed a manticore
  6848 | D:7      | Reached skill level 5 in Throwing
  6895 | D:7      | Identified the +4 demon blade of Exquisite Death {drain,
                  | rElec rPois Int+3}
  7116 | D:7      | Reached skill level 5 in Armour
  7157 | D:7      | Reached XP level 10. HP: 70/74 MP: 10/10
  7260 | D:7      | Found a staircase to the Ecumenical Temple.
  7278 | Temple   | Found a transporter.
  7278 | Temple   | Found a transporter.
  7278 | Temple   | Found a transporter.
  7278 | Temple   | Found a transporter.
  7278 | Temple   | Entered the Ecumenical Temple
  7545 | D:7      | Found a shimmering blue altar of Sif Muna.
  7679 | D:8      | Noticed an orange demon
  7689 | D:8      | Killed an orange demon
  7695 | D:8      | Noticed Amaemon
  7705 | D:8      | Killed Amaemon
  8260 | D:8      | Found an ancient bone altar of Kikubaaqudgha.
  8589 | D:8      | Found a runed translucent gate.
  8589 | D:8      | Found a runed translucent gate.
  8590 | D:8      | Found a runed translucent gate.
  8590 | D:8      | Noticed Nebesus's ghost (novice DrSh)
  8972 | D:8      | Found a staircase to the Lair.
  8974 | D:8      | Found a burning altar of Makhleb.
  8974 | D:8      | Noticed a balrug
  8977 | D:8      | Noticed an orange demon
  9068 | D:8      | Found a viscous altar of Jiyva.
  9153 | D:9      | Noticed a centaur warrior
  9178 | D:9      | Killed a centaur warrior
  9436 | D:9      | Found a basalt altar of Yredelemnul.
  9452 | D:9      | Reached XP level 11. HP: 83/83 MP: 11/11
  9920 | D:10     | Entered Level 10 of the Dungeon
 10046 | D:10     | Found a flagged portal.
 10071 | Bailey   | Entered a bailey
 10275 | Bailey   | Reached skill level 7 in Evocations
 11389 | D:11     | Noticed a cyclops
 11405 | D:11     | Killed a cyclops
 11484 | D:11     | Noticed a cyclops
 11491 | D:11     | Killed a cyclops
 11600 | D:11     | Identified the +6 hand axe of Xom, Fortifying {heavy, *Rage
                  | rC+++ Str+5}
 12138 | Lair:1   | Entered Level 1 of the Lair of Beasts
 12245 | Lair:1   | Noticed a boulder beetle
 12263 | Lair:1   | Killed a boulder beetle
 12320 | Lair:1   | Reached XP level 12. HP: 85/91 MP: 12/12
 12608 | Lair:1   | Reached skill level 8 in Evocations
 13079 | Lair:2   | Noticed a five-headed hydra
 13086 | Lair:2   | Killed a five-headed hydra
 13208 | Lair:2   | Found a staircase to the Shoals.
 13268 | Lair:2   | Noticed a four-headed hydra
 13271 | Lair:2   | Killed a four-headed hydra
 13493 | Lair:2   | Reached skill level 10 in Long Blades
 13667 | Lair:2   | Identified the +3 falchion of Woe {pain, rPois MP+9 Str+6
                  | Int-3}
 14355 | Lair:3   | Found a hole to the Spider Nest.
 15111 | Lair:3   | Reached XP level 13. HP: 99/99 MP: 13/13
 15387 | Lair:4   | Reached skill level 10 in Dodging
 16778 | Lair:5   | Entered Level 5 of the Lair of Beasts
 17061 | D:12     | Reached skill level 10 in Armour
 17450 | D:12     | Identified the +0 leather armour "Emeeg" {rPois rF+}
 17488 | D:12     | Found a staircase to the Orcish Mines.
 17610 | D:12     | Found a portal to a secret trove of treasure.
 17669 | D:12     | Bought a scroll of blinking for 105 gold pieces
 17669 | D:12     | Bought a scroll of identify for 28 gold pieces
 17669 | D:12     | Bought a scroll of identify for 28 gold pieces
 17674 | D:12     | Bought a scroll of identify for 28 gold pieces
 17674 | D:12     | Bought a scroll of identify for 28 gold pieces
 17674 | D:12     | Bought a scroll of identify for 28 gold pieces
 17676 | D:12     | Identified 2 scrolls of acquirement
 17679 | D:12     | Acquired the scarf "Vainler" {shadows, Regen+ Str+2 Int-4}
 17681 | D:12     | Acquired a manual of Translocations
 17721 | Orc:1    | Entered Level 1 of the Orcish Mines
 18056 | Orc:2    | Entered Level 2 of the Orcish Mines
 18342 | Orc:2    | Reached XP level 14. HP: 93/108 MP: 14/14
 18356 | Orc:1    | Acquired a gyrowhirligig N-30 {rC+ Will+ Clar RMsl}
 18456 | Orc:2    | Reached skill level 9 in Evocations
 18736 | Orc:2    | Found a staircase to the Elven Halls.
 18821 | Orc:2    | Noticed Rupert
 18888 | Orc:1    | Killed Rupert
 19263 | Orc:2    | Reached skill level 10 in Fighting
 19305 | Orc:2    | Noticed Saint Roka
 19388 | Orc:2    | Killed Saint Roka
 19389 | Orc:2    | Reached skill level 10 in Evocations
 19598 | Orc:2    | Found a roughly hewn altar of Beogh.
 19667 | Orc:2    | Learned a level 2 spell: Blink
 19732 | Orc:2    | Found Rejuu's Jewellery Emporium.
 19732 | Orc:2    | Found Bipiff's Antique Armour Shop.
 19733 | Orc:2    | Found Zuraenn's Distillery.
 19733 | Orc:2    | Found Pasaxy's Weapon Shoppe.
 19742 | Orc:2    | Bought a potion of heal wounds for 70 gold pieces
 19742 | Orc:2    | Bought a potion of curing for 42 gold pieces
 19742 | Orc:2    | Bought a potion of berserk rage for 70 gold pieces
 19742 | Orc:2    | Bought a potion of resistance for 140 gold pieces
 19742 | Orc:2    | Bought a potion of heal wounds for 70 gold pieces
 19742 | Orc:2    | Bought a potion of haste for 140 gold pieces
 19794 | Orc:2    | Reached skill level 1 in Translocations
 20261 | Orc:2    | Bought a crude plate armour for 868 gold pieces
 20261 | Orc:2    | Identified the +4 plate armour "Kefadum" {Regen+ Dex+2}
                  | (You bought it in a shop on level 2 of the Orcish Mines)
 20590 | Lair:4   | Reached XP level 15. HP: 92/116 MP: 15/15
 20610 | Lair:5   | Found a staircase to the Slime Pits.
 21545 | Lair:5   | Reached skill level 5 in Translocations
 21671 | Lair:5   | Reached skill level 11 in Evocations
 22070 | Lair:5   | Reached skill level 1 in Spellcasting
 22391 | Shoals:1 | Entered Level 1 of the Shoals
 22875 | Shoals:1 | Reached XP level 16. HP: 125/125 MP: 19/19
 23427 | Shoals:2 | Reached skill level 12 in Evocations
 23991 | Shoals:2 | Noticed Polyphemus
 24090 | Shoals:2 | Killed Polyphemus
 25309 | Shoals:4 | Entered Level 4 of the Shoals
 25777 | Shoals:3 | Reached skill level 13 in Evocations
 25777 | Shoals:3 | Reached XP level 17. HP: 97/133 MP: 23/23
 26054 | Shoals:4 | Found Kojuclis's Jewellery Emporium.
 26135 | Shoals:4 | Got a barnacled rune of Zot
 26690 | Shoals:4 | Identified the +4 rapier of the Trees {vamp, rPois rF+}
 27119 | Spider:1 | Entered Level 1 of the Spider Nest
 27918 | Spider:2 | Reached skill level 15 in Long Blades
 28017 | Spider:2 | Identified the serpent talisman of the Sea {rCorr}
 28017 | Spider:2 | Noticed Aizul
 28034 | Spider:2 | Killed Aizul
 28326 | Spider:1 | Acquired a +2 double sword of holy wrath
 28566 | Spider:2 | Reached skill level 14 in Evocations
 29300 | Spider:3 | Reached XP level 18. HP: 140/142 MP: 24/24
 29998 | Spider:4 | Entered Level 4 of the Spider Nest
 29998 | Spider:4 | Noticed Arachne
 30296 | Spider:4 | Reached skill level 10 in Throwing
 30320 | Spider:4 | Killed Arachne
 30364 | Spider:4 | Reached skill level 10 in Translocations
 31548 | Spider:4 | Reached skill level 15 in Evocations
 31671 | Spider:4 | HP: 7/144 [poisoned by a redback]
 31937 | Spider:4 | Got a gossamer rune of Zot
 31945 | Spider:4 | Identified the +1 hat of the Rambutan {Fly rPois rF- rN++}
 32364 | Lair:1   | Bought the +8 autumn katana {manifold assault} for 1666
                  | gold pieces
 32364 | Lair:1   | Found the +8 autumn katana {manifold assault}
 32459 | D:8      | Killed Nebesus's ghost
 32618 | D:12     | Bought crude shadow dragon scales for 3570 gold pieces
 32618 | D:12     | Identified the +5 shadow dragon scales of Unniram {+Inv rC+
                  | rN+ MP+9 Stlth++++} (You bought it in a shop on level 12 of
                  | the Dungeon)
 32725 | D:12     | Identified the +9 long sword "Undertaker" {venom, rElec rC-
                  | Str+3 Dex+3}
 33064 | D:12     | You paid a toll of 5 scrolls of fog to enter a treasure
                  | trove
 33065 | Trove    | Entered a treasure trove
 33102 | Trove    | Got Sif Muna's Grimoire of Charms and the Caves
 33149 | Trove    | Got Sif Muna's Incunabulum of the Volley and Alchemy
 33837 | D:13     | Reached XP level 19. HP: 116/151 MP: 25/25
 33889 | D:13     | Found a gate to the Vaults.
 34050 | D:14     | Found a shadowy altar of Dithmenos.
 34157 | D:14     | Noticed Snorg
 34163 | D:14     | Killed Snorg
 35503 | D:14     | Got the Folio of Mischance and Incineration
 35690 | D:15     | Entered Level 15 of the Dungeon
 35987 | D:15     | Found a runed translucent door.
 36070 | D:15     | Reached skill level 16 in Evocations
 36098 | D:15     | Found a staircase to the Depths.
 36139 | D:15     | Noticed Jorgrun
 36154 | D:15     | Killed Jorgrun
 36281 | D:15     | Reached skill level 15 in Dodging
 36774 | D:15     | Identified the +1 chain mail of the Slug {^Contam Rampage
                  | rCorr Int+4}
 36877 | Vaults:1 | Entered Level 1 of the Vaults
 37610 | Vaults:1 | Reached skill level 17 in Evocations
 37698 | Vaults:1 | Reached XP level 20. HP: 149/161 MP: 26/26
 37980 | Vaults:1 | Reached skill level 15 in Fighting
 38023 | Vaults:1 | Identified the +3 robe of Poor Excuses {rN+ Str+2}
 38023 | Vaults:1 | Noticed Boris
 38187 | Vaults:1 | Killed Boris
 38443 | Vaults:1 | Reached skill level 15 in Armour
 38609 | Vaults:2 | Identified the +4 robe "Xypur Riri" {rPois}
 38609 | Vaults:2 | Noticed Boris
 38653 | Vaults:2 | Killed Boris
 38781 | Vaults:2 | Paralysed by a formless jellyfish for 1 turns
 38853 | Vaults:2 | Found Biqox's Weapon Shoppe.
 38862 | Vaults:2 | Bought 5 boomerangs for 130 gold pieces
 38916 | Vaults:2 | Found a staircase to the Crypt.
 38916 | Vaults:2 | Found an ancient bone altar of Kikubaaqudgha.
 38917 | Vaults:2 | Found a basalt altar of Yredelemnul.
 39262 | Vaults:2 | Noticed Bai Suzhen
 39273 | Vaults:2 | Killed Bai Suzhen
 39707 | Vaults:2 | Reached skill level 18 in Evocations
 39749 | Vaults:2 | Learned a level 2 spell: Lesser Beckoning
 39753 | Vaults:2 | Learned a level 3 spell: Teleport Other
 39971 | Vaults:2 | Upgraded the game from 0.32-a0-558-g233958a4c4 to
                  | 0.32-a0-589-g2d1f746d5d
 40054 | Vaults:3 | Noticed Asterion
 40291 | Vaults:3 | Got the Essays on Combustive Relocation
 40782 | Vaults:3 | Noticed Sojobo
 40787 | Vaults:3 | Killed Sojobo
 40788 | Vaults:3 | Reached skill level 1 in Stealth
 40866 | Vaults:3 | Identified the +2 robe of the Old and Reckless {+Blink
                  | rPois rCorr}
 40866 | Vaults:3 | Noticed Boris
 41055 | Depths:1 | Entered Level 1 of the Depths
 41076 | Depths:1 | Reached XP level 21. HP: 134/170 MP: 27/27
 41440 | Depths:1 | Found a flickering gateway to a bazaar.
 41497 | Bazaar   | Entered a bazaar
 41497 | Bazaar   | Found Hukeobash's Antique Armour Shop.
 41507 | Bazaar   | Found Xeuph's Jewellery Boutique.
 41520 | Bazaar   | Found Gotsa's Assorted Antiques.
 41524 | Bazaar   | Bought a scroll of enchant weapon for 202 gold pieces
 41524 | Bazaar   | Bought a potion of cancellation for 216 gold pieces
 41524 | Bazaar   | Bought a scroll of teleportation for 81 gold pieces
 41524 | Bazaar   | Bought a potion of magic for 216 gold pieces
 41525 | Bazaar   | Found Ezxoommirgh's Jewellery Boutique.
 41662 | Depths:1 | Found a gateway to Hell.
 43182 | Depths:2 | Found a one-way gateway to a ziggurat.
 43421 | Depths:2 | Reached skill level 19 in Evocations
 43784 | Depths:2 | Got Foguha's Octavo of the Tick
 43864 | Depths:2 | Got the Precepts of Despair and Vapour
 43886 | Depths:2 | Found a shimmering blue altar of Sif Muna.
 44326 | Depths:2 | Noticed Vv
 45192 | Vaults:3 | Reached XP level 22. HP: 159/179 MP: 28/28
 45197 | Vaults:3 | Identified the +5 chain mail "Yhitar" {rC+ rN+ Int-2
                  | Stlth+}
 46042 | Vaults:3 | Killed Asterion
 46330 | Vaults:3 | Killed Boris
 46431 | Vaults:4 | Identified the orb of Death's Door {light, -Cast Harm rF+
                  | Str+3}
 46431 | Vaults:4 | Noticed Frederick
 46444 | Vaults:4 | Killed from afar by Frederick

Illustrated notes

Levels and vault maps discovered:
D:1:      minmay_arrival_solitary_statue, layout_basic
D:2:      wander_river, layout_loops_cross, glass_columns_a, st_stairs_13,
          nicolae_nh_oracle_at_delphi
D:3:      layout_loops_corners, nicolae_overflow_hidden_temple
D:4:      layout_basic, tso_metal_star, elyvilon_altar_3,
          minmay_misc_feat_rugged, chequers_serial_rivers_micro_b,
          serial_bayou_pond_d
D:5:      layout_basic, hangedman_decor_points, guppyfry_early_orc_mine
D:6:      layout_rooms, nemelex_xobeh_ov_fountains_minmay
D:7:      nzn_winding_woodlands_small
          [nzn_winding_woodlands_5x15_river_crossing,
          nzn_winding_woodlands_center_diamonds,
          nzn_winding_woodlands_5x15_sidewinder], layout_gridville,
          led_sif_pool, minmay_temple_entry_stoned_glass, uniq_maurice
D:8:      layout_basic, tgw_kikubaaqudgha, makhleb_altar_promises_db,
          lair_entry_dummy, gammafunk_ghost_ooze, serial_co_window_serial,
          co_window_corner_a, co_window_paths_a, co_window_corner_a,
          co_window_corner_a, co_window_of_opportunity_a, co_window_paths_a,
          co_window_cross_1, co_window_paths_a, co_window_corner_a,
          co_window_broadway_c, co_window_2corner, co_window_2corner,
          glass_columns_c, glass_columns_a, glass_columns_b, uniq_amaemon
D:9:      layout_roguey, mainiacjoe_overflow_catwalk
D:10:     layout_roguey, enter_bailey_4
D:11:     layout_rooms, kennysheep_generic_room_14
D:12:     layout_roguey, orc_0_dummy, nicolae_trove_entry_free_sample
D:13:     layout_layer_cave, ximxim_vaults_locker_room, serial_park_tiny_2
D:14:     minmay_the_grid_triangle_9x9_recursive_3
          [minmay_the_grid_triangle_9x9_descending_squares,
          minmay_the_grid_triangle_9x9_sparse_checkered,
          minmay_the_grid_triangle_9x9_windchime,
          minmay_the_grid_triangle_9x9_prize_center,
          minmay_the_grid_triangle_9x9_negative_grid,
          minmay_the_grid_triangle_9x9_minimal,
          minmay_the_grid_triangle_9x9_sprig,
          minmay_the_grid_triangle_9x9_impossible_snake,
          minmay_the_grid_triangle_9x9_swiss_cheese], layout_irregular_city,
          nicolae_dithmenos_shadow_blocks, serial_demonic, serial_demonic_b,
          serial_demonic_a, serial_demonic_a, serial_demonic_c, uniq_snorg
D:15:     hangedman_depths_entry_civil_slaughter, layout_basic,
          kennysheep_treasure_room, uniq_jorgrun
Temple:   hellmonk_temple_divided_pantheon
Lair:1:   layout_regular_city, minmay_stone_trees_small, grunt_megastairs_5,
          lemuel_fruit_fields
Lair:2:   layout_loops_ring, elwin_shoals_entry_rocks, special_room
          [special_room_bee]
Lair:3:   layout_loops_ring, spider_nest_entry_web_field
Lair:4:   layout_roguey, portal_ice_cave_demonic_guard, grunt_megastairs_4
Lair:5:   grunt_lair_end_beastmaster, layout_long_grid,
          nicolae_slime_entry_field_trip, evilmike_ambush
          [evilmike_ambush_outer_corners, evilmike_ambush_inner_basic]
Shoals:1: layout_shoals, nicolae_shoals_secluded_bog
Shoals:2: layout_shoals, uniq_polyphemus
Shoals:3: layout_shoals
Shoals:4: shoals_end_grunt_ice, layout_shoals, serial_shops, shop
Spider:1: layout_spider_delve, special_room
Spider:2: layout_spider_delve, hellmonk_test_site,
          hangedman_spider_tarantella_strand, uniq_aizul
Spider:3: layout_spider_delve, nicolae_spider_spiderdrome
Spider:4: hellmonk_spider_rune_endless_swarm, drop_trap, uniq_arachne
Orc:1:    layout_caves
Orc:2:    st_orc_ogre_mass, layout_diamond_mine, minmay_orc_temple_c,
          uniq_rupert, uniq_saint_roka
Vaults:1: nicolae_vaults_shrinking_rooms_2, nicolae_vaults_security_offices_6,
          nicolae_vaults_trapezoid_lopsided_3, hangedman_vaults_hat,
          nicolae_vaults_meiosis, hangedman_vaults_cutoff,
          nicolae_vaults_tangram_1, serial_ice_h, nicolae_vaults_network_star,
          ontoclasm_vaults_ligature, ontoclasm_vaults_decontamination,
          nicolae_vaults_wine_cellar, ontoclasm_vaults_misaligned,
          nicolae_vaults_trapezoid_2, layout_vaults_ring, uniq_boris
Vaults:2: nicolae_vaults_steering_wheel, minmay_crypt_entry_necro_gods,
          nicolae_vaults_six-pack, nicolae_vaults_weapon_check, v_misc_25,
          vaults_mumra_minichess_inversion, hangedman_vaults_restitches,
          ontoclasm_vaults_spin, vaults_dpeg_spiral, ontoclasm_vaults_gateway,
          nicolae_vaults_theta, layout_vaults_big_cross, serial_shops,
          nicolae_shop_tiny_statue_garden, uniq_bai_suzhen
Vaults:3: nicolae_vaults_storage_closets_3, nicolae_vaults_what_the_h,
          vaults_dpeg_ring, nicolae_vaults_closet_pinwheel_5,
          nicolae_vaults_bisected_exclaves, nicolae_vaults_closet_pinwheel_5,
          v_alt_pattern_5, nicolae_vaults_antechamber_and_loot_room,
          nicolae_vaults_tetromino_Z_1, layout_vaults_quadrants, uniq_sojobo,
          uniq_asterion
Vaults:4: advil_vaults_ghost_lines, grunt_vaults_focal, hangedman_vaults_slice,
          hangedman_vaults_river_flow, ontoclasm_vaults_ring_square,
          nicolae_vaults_mini_display_case, grunt_vaults_diagonal,
          nicolae_vaults_layer_cake_slice, v_misc_13,
          nicolae_vaults_more_shelving_1, nicolae_vaults_prndl, v_rooms_4,
          nicolae_vaults_offset_grid_hallway_3, nicolae_vaults_rhombus_6,
          layout_vaults_omnibox, uniq_margery, uniq_frederick
Depths:1: layout_long_grid, serial_sigils_hangedman_quiver, hellmouth_3,
          serial_shops, bzr_in_the_mist, minmay_tree_intersection,
          onia_ninara_cookie
Depths:2: evilmike_library_of_no_secrets, layout_gridlike, enter_ziggurat_c,
          grunt_hell_entry_dis_mu, grunt_pan_entry_in_and_out, uniq_vv

Skill      XL: |  1  2  3  4  5  6  7  8  9 10 11 12 13 14 15 16 17 18 19 20 21 |
---------------+----------------------------------------------------------------+-----
Throwing       | 2 3 4 5 6 7 8 9 10 | 10.7
Dodging        | 3 4 6 7 8 9 10 11 12 13 14 16 17 18 | 18.5
Long Blades    | 4 5 6 7 8 9 10 11 13 14 15 16 | 16.9
Armour         | 1 2 3 5 6 7 9 10 11 12 13 14 15 16 | 16.1
Fighting       | 3 4 5 6 7 8 9 10 11 12 13 14 15 16 | 16.5
Evocations     | 3 5 6 7 8 10 11 13 14 15 17 18 19 | 19.3
Translocations | 2 7 8 9 10 12 | 12.0
Spellcasting   | 2 4 |  4.0
Stealth        | 1 4 |  4.8

Action                     |  1- 3 |  4- 6 |  7- 9 | 10-12 | 13-15 | 16-18 | 19-21 | 22-24 || total
---------------------------+-------+-------+-------+-------+-------+-------+-------+-------++-------
  Melee: Long sword        |    59 |   150 |   532 |    76 |       |       |       |       ||   817
         Dagger            |    47 |   138 |    43 |       |       |       |       |       ||   228
         Demon blade       |       |       |     8 |   493 |   738 |  1367 |  1411 |    87 ||  4104
         Scimitar          |       |       |       |   400 |   737 |   777 |       |       ||  1914
         Double sword      |       |       |       |       |       |   510 |       |       ||   510
         Katana            |       |       |       |       |       |    86 |  1399 |    88 ||  1573
  Throw: Stone             |    10 |    17 |    25 |     2 |     9 |       |       |       ||    63
         Throwing net      |       |     2 |       |     1 |     1 |       |     1 |       ||     5
         Dart              |       |       |       |       |    13 |     6 |       |       ||    19
         Boomerang         |       |       |       |       |     2 |    53 |    30 |       ||    85
   Cast: Blink             |       |       |       |       |       |       |     1 |       ||     1
 Invoke: Call Merchant     |       |       |       |       |     2 |     2 |       |       ||     4
Ability: Invent Gizmo      |       |       |       |       |     1 |       |       |       ||     1
  Evoke: Wand              |       |       |     4 |    13 |    18 |    18 |     1 |     1 ||    55
         Sack of spiders   |       |       |       |     2 |     4 |     2 |     3 |     1 ||    12
         Phantom mirror    |       |       |       |       |       |     2 |     3 |       ||     5
         Lightning rod     |       |       |       |       |       |     1 |       |       ||     1
         Phial of floods   |       |       |       |       |       |       |     2 |     1 ||     3
    Use: Scroll            |       |     2 |     1 |    12 |    14 |     8 |    13 |       ||    50
         Potion            |       |       |     3 |     5 |     1 |     7 |     2 |       ||    18
   Stab: Sleeping          |     1 |       |       |       |       |     1 |    11 |     3 ||    16
         Distracted        |       |       |     2 |     4 |     6 |     7 |    12 |     1 ||    32
         Paralysed         |       |       |    24 |    18 |       |     7 |       |       ||    49
         Held in net/web   |       |       |       |       |     1 |       |     3 |       ||     4
         Confused          |       |       |       |       |       |       |     8 |     3 ||    11
         Invisible         |       |       |       |       |       |       |     2 |     1 ||     3
 Armour: Leather armour    |    27 |    37 |       |       |       |       |       |       ||    64
         Chain mail        |       |    50 |   318 |    64 |       |       |       |       ||   432
         Plate armour      |       |       |       |   458 |   716 |  1372 |       |       ||  2546
         Shadow dragon sca |       |       |       |       |       |    81 |   904 |    58 ||  1043
  Dodge: Dodged            |    41 |    68 |   143 |   238 |   415 |   939 |   662 |    28 ||  2534
         Repelled          |       |     3 |     8 |     5 |    17 |    76 |    58 |     4 ||   171

Table legend: (Time is in decaauts)
 A = Elapsed time spent in this place.
 B = Non-inter-level travel time spent in this place.
 C = Inter-level travel time spent in this place.
 D = Time resting spent in this place.
 E = Time spent auto-exploring this place.
 F = Levels seen in this place.
 G = Mean time per level.
                   A        B        C        D        E       F      G
               +--------+--------+--------+--------+--------+-----+--------+
         Total |  45784 |  41704 |   4080 |   4348 |  21700 |  40 | 1144.6 |
       Dungeon |  17456 |  15696 |   1760 |   2012 |   9604 |  15 | 1163.7 |
        Temple |      5 |      5 |      0 |      0 |      0 |   1 |    5.0 |
          Lair |   6958 |   6282 |    676 |    445 |   4124 |   5 | 1391.6 |
        Shoals |   4895 |   4528 |    367 |    229 |   1612 |   4 | 1223.8 |
   Spider Nest |   4806 |   4415 |    391 |    448 |   1749 |   4 | 1201.5 |
  Orcish Mines |   2350 |   2282 |     68 |    309 |    612 |   2 | 1175.0 |
        Vaults |   5385 |   4712 |    673 |    305 |   2763 |   4 | 1346.2 |
        Depths |   2877 |   2736 |    141 |    236 |   1122 |   2 | 1438.5 |
        Bazaar |     46 |     46 |      0 |      0 |     31 |   1 |   46.0 |
         Trove |     91 |     91 |      0 |      0 |      0 |   1 |   91.0 |
        Bailey |    911 |    911 |      0 |    362 |     80 |   1 |  911.0 |
               +--------+--------+--------+--------+--------+-----+--------+

Top non-repeatable levels by time:
Vaults:3: 2046 daAuts
Depths:1: 1740 daAuts
  Lair:4: 1729 daAuts
   Orc:2: 1704 daAuts
Vaults:1: 1684 daAuts
    D:14: 1655 daAuts
Spider:4: 1653 daAuts
     D:8: 1642 daAuts
Vaults:2: 1593 daAuts
Shoals:4: 1531 daAuts
  Lair:5: 1529 daAuts
     D:7: 1478 daAuts
  Lair:2: 1463 daAuts
    D:15: 1456 daAuts
    D:13: 1356 daAuts
